 Dungeon Crawl Stone Soup version 0.21.1-1-g345015f (webtiles) character file.

795 shakethe the Cudgeler (level 7, -2/44 HPs)
             Began as a Gargoyle Fighter on Feb 14, 2018.
             Slain by an orc warrior
             ... wielding a +0 glaive
              (19 damage)
             ... on level 6 of the Dungeon.
             The game lasted 00:07:20 (4735 turns).

shakethe the Cudgeler (Gargoyle Fighter)            Turns: 4735, Time: 00:07:21

Health: -2/44      AC: 13    Str: 19    XL:     7   Next: 89%
Magic:  7/7        EV:  7    Int:  9    God:
Gold:   306        SH: 10    Dex: 11    Spells: 6/6 levels left

rFire    . . .     SeeInvis .   a - +0 flail
rCold    . . .     Gourm    .   c - +0 shield
rNeg     + . .     Faith    .   b - +0 scale mail
rPois    ∞         Spirit   .   (no helmet)
rElec    +         Reflect  .   (no cloak)
rCorr    .         Harm     .   k - +0 pair of gloves
MR       .....                  (no boots)
Stlth    ..........             (no amulet)
HPRegen  0.14/turn              j - ring of poison resistance {rPois, !d}
MPRegen  0.10/turn              (no ring)

@: no status effects
A: negative energy resistance 1, electricity resistance, unbreathing,
petrification resistance, rot immunity, AC +4
a: no special abilities


You were on level 6 of the Dungeon.
You were not hungry.

You visited 1 branch of the dungeon, and saw 6 of its levels.

You collected 306 gold pieces.

Inventory:

Hand Weapons
 a - a +0 flail (weapon)
Missiles
 s - 142 stones (quivered)
Armour
 b - a +0 scale mail (worn)
 c - a +0 shield (worn)
 k - a +0 pair of gloves (worn)
   (You found it on level 1 of the Dungeon)
Jewellery
 j - a ring of poison resistance (left hand) {rPois, !d}
   (You found it on level 1 of the Dungeon)
 p - an uncursed ring of stealth {unknown}
   (You found it on level 2 of the Dungeon)
 u - a cursed amulet of inaccuracy {unknown}
   (You found it on level 3 of the Dungeon)
Wands
 D - a wand of paralysis (19)
   (You found it on level 5 of the Dungeon)
Scrolls
 g - 7 scrolls of identify {unknown}
 l - a scroll of magic mapping {unknown}
 q - 2 scrolls of blinking {unknown}
 t - a scroll of noise {unknown}
 w - a scroll of enchant armour {unknown}
 y - a scroll of amnesia {unknown}
 B - a scroll of immolation {unknown}
 E - a scroll of random uselessness {unknown}
Potions
 d - a potion of might
 e - 2 potions of resistance {unknown}
 h - a potion of invisibility
 i - a potion of cancellation {unknown}
 m - 3 potions of lignification {unknown}
 n - a potion of agility {unknown}
 o - a potion of magic {unknown}
 r - a potion of brilliance {unknown}
 v - 5 potions of curing {unknown}
 x - 2 potions of flight {unknown}
 z - 2 potions of degeneration {unknown}
 A - a potion of heal wounds {unknown}
 C - a potion of berserk rage {unknown}
Comestibles
 f - 6 rations


   Skills:
 + Level 5.2 Fighting
 * Level 5.6 Maces & Flails
 + Level 5.3 Armour
 + Level 5.3 Shields


You had 6 spell levels left.
You didn't know any spells.

Dungeon Overview and Level Annotations

Branches:
Dungeon (6/15)
 Temple: D:4-7

Altars:
Fedhas
Gozag
Makhleb
Nemelex Xobeh
Qazlal
Ru
Trog
Vehumet
Xom

Shops:
D:5 [


Innate Abilities, Weirdness & Mutations

You are resistant to torment.
Your stone body is resilient. (AC +4)
You are immune to poison.
You resist negative energy. (rN+)
You are resistant to electric shocks. (rElec)
You can survive without breathing.
You are immune to petrification.
You are immune to rotting.


Message History

No target in view!
No target in view!
No target in view!
No target in view!
No target in view!
No target in view!
No target in view!
No target in view!
No target in view!
No target in view!
Found a stone staircase leading down.
v - 5 coppery potions (gained 1)
You now have 260 gold pieces (gained 15).
z - 2 murky silvery potions (gained 1)
Found an escape hatch in the floor.
Health restored: 44
D - a wand of paralysis (19)
You now have 269 gold pieces (gained 9).
Found a stone staircase leading up.
Found Mockooni's Antique Armour Shop.
There is an entrance to Mockooni's Antique Armour Shop here.
s - 131 stones (gained 17)
You now have 282 gold pieces (gained 13).
q - 2 scrolls labeled DUSAXE NISMO (gained 1)
E - a scroll labeled YLAISU NUXAPNA No target in view!
No target in view!
No target in view!
No target in view!
No target in view!
No target in view!
No target in view!
No target in view!
No target in view!
No target in view!
No target in view!
No target in view!
No target in view!
You are feeling very hungry.
You see here a runed mace.
You see here a leather armour.
You now have 295 gold pieces (gained 13).
You now have 306 gold pieces (gained 11).
s - 142 stones (gained 11)
There is an escape hatch in the ceiling here.
Found a stone staircase leading up.
You are near starving!
A worker ant comes into view.
The worker ant twitches its antennae in your direction.
Unknown command.
You eat one of the 7 rations.
That ration really hit the spot!
A worker ant is nearby!
You hit the worker ant. The worker ant barely misses you.
The worker ant bites you but does no damage.
You closely miss the worker ant.
The worker ant bites you but does no damage.
You closely miss the worker ant.
The worker ant bites you but does no damage.
The worker ant barely misses you.
You completely miss the worker ant. The worker ant barely misses you.
You hit the worker ant. You block the worker ant's attack.
You thump the worker ant!
You kill the worker ant!
No target in view!
No target in view!
No target in view!
No target in view!
No target in view!
No target in view!
No target in view!
No target in view!
No target in view!
No target in view!
g - 7 scrolls labeled SOPHITHYRAC (gained 1) Done exploring.
No target in view!
Done exploring.
Done exploring.
Done exploring.
You see here 21 poisoned needles.
There is a stone staircase leading down here.
You climb downwards.
There is a stone staircase leading up here.
You see here a buckler.
You hear a distant blaring wail to the west.
An orc and an orc warrior come into view.
The orc warrior shouts!
The orc shouts!
You hear an angry hiss.
You hear a shout!
An adder and an orc come into view.
The orc moves out of view.
The orc warrior hits you from afar with a glaive!
You take 13 damage, and have 31/44 hp.
MASSIVE DAMAGE!!
You block the orc warrior's attack.
You closely miss the orc warrior. The orc warrior hits you with a glaive!
An adder comes into view.
You take 15 damage, and have 17/44 hp.
MASSIVE DAMAGE!!
The orc warrior hits you from afar with a glaive!!
You die...

#####
#...#############
#..SoSoo.@......#
#...###########.#
##.## #.# #. #.#
#. #.# .. #.# ..
#.#### ... #....#
..S #....#


You could see an orc warrior, 2 adders and 2 orcs.

Vanquished Creatures
  3 ogres (D:4)
  2 scorpions (D:4)
  A howler monkey (D:4)
  2 bullfrog skeletons
  An iguana (D:4)
  2 orc wizards (D:3)
  2 worker ants
  3 gnolls
  8 adders
  An ooze (D:1)
  6 worms
  5 dart slugs
  3 leopard geckos
  7 orcs
  3 ball pythons
  A giant cockroach (D:1)
  7 goblins
  2 hobgoblins (D:2)
  17 jackals
  2 quokkas
  10 bats
  5 frilled lizards
  6 kobolds
  A leopard gecko skeleton (D:4)
  10 rats
110 creatures vanquished.

Vanquished Creatures (others)
  An orc (D:3)
1 creature vanquished.

Grand Total: 111 creatures vanquished

Notes
Turn   | Place    | Note
-------+----------+-------------------------------------------
     0 | D:1      | shakethe the Gargoyle Fighter began the quest for the Orb.
     0 | D:1      | Reached XP level 1. HP: 14/14 MP: 1/1
    94 | D:1      | Reached XP level 2. HP: 17/19 MP: 2/2
   376 | D:1      | Reached XP level 3. HP: 21/23 MP: 3/3
  1082 | D:2      | Found an opulent altar of Gozag.
  1176 | D:2      | Reached skill level 3 in Maces & Flails
  1176 | D:2      | Reached XP level 4. HP: 29/29 MP: 4/4
  1800 | D:3      | Reached skill level 4 in Fighting
  1800 | D:3      | Reached skill level 4 in Armour
  1800 | D:3      | Reached skill level 4 in Shields
  1800 | D:3      | Reached XP level 5. HP: 26/33 MP: 5/5
  1957 | D:3      | Found a faded altar of an unknown god.
  2028 | D:3      | Found a blossoming altar of Fedhas.
  2213 | D:2      | Reached skill level 4 in Maces & Flails
  2370 | D:2      | Reached XP level 6. HP: 20/39 MP: 6/6
  2735 | D:3      | Found a sparkling altar of Nemelex Xobeh.
  2781 | D:3      | Found a shimmering altar of Xom.
  2783 | D:3      | Found a burning altar of Makhleb.
  2783 | D:3      | Found a radiant altar of Vehumet.
  2784 | D:3      | Found a sacrificial altar of Ru.
  2788 | D:3      | Found a stormy altar of Qazlal.
  3086 | D:4      | HP: 8/39 [iguana (3)]
  3391 | D:4      | Reached XP level 7. HP: 41/44 MP: 7/7
  3476 | D:4      | Reached skill level 5 in Maces & Flails
  3517 | D:4      | Reached skill level 5 in Fighting
  3517 | D:4      | Reached skill level 5 in Armour
  3517 | D:4      | Reached skill level 5 in Shields
  4120 | D:4      | Noticed a moth of wrath
  4124 | D:4      | Found a bloodstained altar of Trog.
  4346 | D:5      | Entered Level 5 of the Dungeon
  4436 | D:5      | Found Mockooni's Antique Armour Shop.
  4735 | D:6      | Slain by an orc warrior

Skill      XL: |  1  2  3  4  5  6  7 |
---------------+----------------------+-----
Maces & Flails | 3 4 5 |  5.6
Fighting       | 4 5 |  5.2
Armour         | 4 5 |  5.3
Shields        | 4 5 |  5.3

Action                   |  1- 3 |  4- 6 |  7- 9 || total
-------------------------+-------+-------+-------++-------
Melee: Flail             |   167 |   227 |    96 ||   490
  Eat: Chunk             |     1 |     5 |     2 ||     8
       Ration            |       |     1 |     1 ||     2
Armor: Scale mail        |   113 |   161 |    34 ||   308
Dodge: Dodged            |    67 |    70 |    29 ||   166
Block: Shield            |    99 |   131 |    30 ||   260

Vault maps used:
D:1:      dpeg_arrival_yet_another_circle
D:2:      lemuel_doored_altar, first_ration
D:3:      minitemple, chequers_ecumenical_altar_simple,
          minmay_misc_feat_more_columns, fedhas_altar_2
D:4:      tgw_trog, hangedman_decor_diamond_cutter
D:5:      serial_shops, nicolae_shop_crystal
D:6:      minmay_temple_entry_mist, hangedman_decor_riveting,
          corexii_item_surrounded_by_moat, minmay_fountain_box

Table legend:
 A = Turns spent in this place as a percentage of turns spent in the entire game.
 B = Non-inter-level travel turns spent in this place as a percentage of non-inter-level travel turns spent in the entire game.
 C = Inter-level travel turns spent in this place as a percentage of turns spent in this place.
 D = Turns resting spent in this place as a percentage of non-inter-level travel turns spent in this place.
 E = Turns spent auto-exploring this place as a percentage of non-inter-level travel turns spent in this place.
 F = Non-inter-level travel turns spent in this place divided by the number of levels of this place that you've seen.
                   A       B       C       D       E      F
               +-------+-------+-------+-------+-------+----------------------
         Total | 100.0 | 100.0 |   1.8 |  24.1 |  49.3 | 775.2
       Dungeon | 100.0 | 100.0 |   1.8 |  24.1 |  49.3 | 775.2
               +-------+-------+-------+-------+-------+----------------------

Table legend:
 A = Kills in this place as a percentage of kills in entire the game.
 B = Kills by you in this place as a percentage of kills by you in the entire game.
 C = Kills by friends in this place as a percentage of kills by friends in the entire game.
 D = Other kills in this place as a percentage of other kills in the entire game.
 E = Experience gained in this place as a percentage of experience gained in the entire game.
 F = Experience gained in this place divided by the number of levels of this place that you have seen.
                   A       B       C       D       E      F
               +-------+-------+-------+-------+-------+----------------------
         Total | 100.0 | 100.0 |   N/A |   N/A | 100.0 | 189.3
       Dungeon | 100.0 | 100.0 |   N/A |   N/A | 100.0 | 189.3
               +-------+-------+-------+-------+-------+----------------------
